 Dungeon Crawl Stone Soup version 0.21.1-1-g345015f (webtiles) character file.

46 Mirai the Sneak (level 3, -6/19 HPs)
             Began as a Kobold Enchanter on Apr 28, 2018.
             Mangled by Sigmund
             ... wielding a +0 scythe
              (12 damage)
             ... on level 2 of the Dungeon.
             The game lasted 00:04:44 (1962 turns).

Mirai the Sneak (Kobold Enchanter)                  Turns: 1962, Time: 00:04:45

Health: -6/19      AC:  1    Str:  2 (5)  XL:     3   Next: 92%
Magic:  1/6        EV: 16    Int: 18 (21) God:
Gold:   112        SH:  0    Dex: 15 (16) Spells: 1/7 levels left

rFire    . . .     SeeInvis .   a - +1 dagger
rCold    . . .     Gourm    .   (shield restricted)
rNeg     . . .     Faith    .   b - +0 robe
rPois    .         Spirit   .   (no helmet)
rElec    .         Reflect  .   (no cloak)
rCorr    .         Harm     .   (no gloves)
MR       .....                  (no boots)
Stlth    +++.......             (no amulet)
HPRegen  0.06/turn              (no ring)
MPRegen  0.10/turn              (no ring)

@: brilliant, hasted, very quick
A: small, blink, carnivore, deformed body, screaming 1, subdued magic 1
a: Blink


You were on level 2 of the Dungeon.
You were very full.

You visited 1 branch of the dungeon, and saw 2 of its levels.

You collected 112 gold pieces.

Inventory:

Hand Weapons
 a - a +1 dagger (weapon)
Armour
 b - a +0 robe (worn)
Scrolls
 e - 2 scrolls of fear {unknown}
 h - a scroll of enchant weapon {unknown}
 i - 7 scrolls of identify {unknown}
 j - 2 scrolls of remove curse {unknown}
 l - a scroll of noise {unknown}
 n - 2 scrolls of teleportation {unknown}
Potions
 f - 3 potions of curing
Books
 c - a book of Maledictions

   Spells                             Type                      Level
   a - Corona                         Hexes                        1
   b - Ensorcelled Hibernation        Hexes/Ice                    2
   c - Confuse                        Hexes                        3
   d - Tukima's Dance                 Hexes                        3
   e - Dazzling Spray                 Conjuration/Hexes            3
 p - a book of Misfortune

   Spells                             Type                      Level
   a - Confusing Touch                Hexes                        1
   b - Confuse                        Hexes                        3
   c - Gell's Gravitas                Translocation                3
   d - Petrify                        Transmutation/Earth          4
   e - Metabolic Englaciation         Hexes/Ice                    5
   f - Yara's Violent Unravelling     Hexes/Transmutation          5
Comestibles
 d - 2 rations


   Skills:
 + Level 2.3 Short Blades
 + Level 3.1 Dodging
 + Level 4.5 Stealth
 + Level 2.6 Spellcasting
 + Level 3.3 Hexes


You had one spell level left.
You knew the following spells:

 Your Spells              Type           Power        Failure   Level  Hunger
a - Corona                Hex            ###....      1%          1    #......
b - Ensorcelled Hibernat  Hex/Ice        ##....       1%          2    ##.....
c - Confuse               Hex            ###.....     1%          3    ###....


Dungeon Overview and Level Annotations

Branches:
Dungeon (2/15)

Altars:
Gozag
Hepliaklqana
Trog
Wu Jian
Xom

Annotations:
D:2 Sigmund


Innate Abilities, Weirdness & Mutations

You are small and have problems with some larger weapons.
You are carnivorous and can eat meat at any time.
You can translocate small distances at will.
Armour fits poorly on your strangely shaped body.
You occasionally shout uncontrollably at your foes.
Your spells are a little easier to cast, but a little less powerful.


Message History

You feel clever all of a sudden.
It was a potion of haste.
You feel yourself speed up. Sigmund misses you.
It was a potion of mutation.
You feel extremely strange.
Your body twists and deforms.
Your connection to magic feels subdued.
You feel the urge to shout.
You feel jittery.
Unknown command.
It was a potion of degeneration.
There was something very wrong with that liquid.
You feel weakened.
You feel dopey.
You feel clumsy. Sigmund barely misses you.
Unknown command.
You hit Sigmund but do no damage. Sigmund barely misses you.
You hit Sigmund but do no damage. You hit Sigmund.
Sigmund is lightly wounded.
You hit Sigmund.
Sigmund is moderately wounded.
Sigmund hits you with a scythe!
Ouch! That really hurt!
You die...

....# ###.....#
###.###.#.###.#
............#.# .#
###.#.........######.##
###.##.............#..#
....###......#..._....#
##### #.#...##.......!#
# #.#####.........# # #
##'## #..@@⌠.._.#.# #
##...## #...........# #
##.....####._.......##
#
##.......###........##
###.........####......#
..+.........'....###..#
###.........####.# .##
# ##.......## #.# .#
##.....## ##. ##


You could see Sigmund.

Vanquished Creatures
  An adder (D:2)
  A worm (D:2)
  2 dart slugs
  A leopard gecko (D:1)
  4 bats
  A giant cockroach (D:2)
  3 goblins (D:1)
  2 hobgoblins
  3 jackals (D:2)
  A quokka (D:2)
  A ball python (D:1)
  2 frilled lizards
  4 kobolds
  4 rats
30 creatures vanquished.

Notes
Turn   | Place    | Note
-------+----------+-------------------------------------------
     0 | D:1      | Mirai the Kobold Enchanter began the quest for the Orb.
     0 | D:1      | Reached XP level 1. HP: 10/10 MP: 3/3
   107 | D:1      | Reached XP level 2. HP: 9/15 MP: 5/5
   134 | D:1      | Learned a level 2 spell: Ensorcelled Hibernation
   459 | D:1      | You fall through a shaft!
   464 | D:2      | Found an opulent altar of Gozag.
   510 | D:2      | Reached XP level 3. HP: 19/19 MP: 6/6
  1297 | D:2      | Found a bloodstained altar of Trog.
  1848 | D:2      | Learned a level 3 spell: Confuse
  1918 | D:2      | Found a hazy altar of Hepliaklqana.
  1939 | D:2      | Found a shimmering altar of Xom.
  1941 | D:2      | Found an ornate altar of the Wu Jian Council.
  1941 | D:2      | Noticed Sigmund
  1956 | D:2      | Gained mutation: Armour fits poorly on your strangely shaped body. [potion of mutation]
  1956 | D:2      | Gained mutation: Your spells are a little easier to cast, but a little less powerful. [potion of mutation]
  1956 | D:2      | Gained mutation: You occasionally shout uncontrollably at your foes. [potion of mutation]
  1956 | D:2      | Gained mutation: You can translocate small distances at will. [potion of mutation]
  1962 | D:2      | Mangled by Sigmund

Skill      XL: |  1  2  3 |
---------------+----------+-----
Short Blades   | 2 |  2.3
Dodging        | 3 |  3.1
Stealth        | |  4.5
Spellcasting   | |  2.6
Hexes          | |  3.3

Action                   || total
-------------------------++-------
Melee: Dagger            ||   143
 Cast: Ensorcelled Hiber ||    13
  Use: Potion            ||     7
 Stab: Sleeping          ||    12
       Invisible         ||     2
  Eat: Chunk             ||    12
Armor: Robe              ||    32
Dodge: Dodged            ||   145
